 Dungeon Crawl Stone Soup version 0.30-a0-953-g5f1da4a474 (webtiles) character file.

Game seed: 12937384661141437905

32 retardedninja the Covered (level 3, -2/42 (48) HPs)
             Began as an Armataur Fighter on Mar 28, 2023.
             Slain by an orc wizard
             ... wielding a +0 dagger
              (4 damage)
             ... on level 2 of the Dungeon.
             The game lasted 00:01:17 (887 turns).

retardedninja the Covered (Armataur Fighter)         Turns: 887, Time: 00:01:17

HP:   -2/42 (48)    AC:  7    Str: 21    XL:     3   Next: 10%
MP:   3/3           EV:  7    Int:  8    God:
Gold: 85            SH:  0    Dex: 11    Spells: 2/2 levels left

rFire   . . .      SeeInvis .    a - +0 long sword
rCold   . . .      Faith    .    c - +0 buckler
rNeg    . . .      Spirit   .    b - +0 scale mail
rPois   .          Reflect  .    (no helmet)
rElec   .          Roll     +    (no cloak)
rCorr   .                        (no gloves)
Will    .....                    (no barding) Stlth
                                 (no amulet)
HPRegen 0.27/turn                (no ring)
MPRegen 0.08/turn                (no ring)

@: confused, berserking, heavily drained, very quick
A: large, rugged brown scales 3, deformed body, armoured tail, roll, long
tongue, awkward tongue
a: no special abilities


You were on level 2 of the Dungeon.
You visited 1 branch of the dungeon, and saw 2 of its levels.

You collected 85 gold pieces.

Inventory:

Hand Weapons
 a - a +0 long sword (weapon)
Armour
 b - a +0 scale mail (worn)
 c - a +0 buckler (worn)
 j - a +0 cloak
Jewellery
 g - a +6 ring of dexterity
Scrolls
 e - a scroll of poison {unknown}
 f - a scroll of teleportation {unknown}
 h - a scroll of identify {unknown}
Potions
 d - a potion of might
 i - a potion of brilliance {unknown}
 l - a potion of magic {unknown}


   Skills:
 + Level 2.9 Fighting
 * Level 2.4 Long Blades
 + Level 4.0 Armour
 + Level 3.6 Shields


You had 2 spell levels left.
You didn't know any spells.
Your spell library was empty.

Dungeon Overview and Level Annotations

Branches:
Dungeon (2/15)

Altars:


Innate Abilities, Weirdness & Mutations

You are completely covered in rugged brown scales. (AC +3, +7% HP)
Armour fits poorly on your strangely shaped body.
You have a long armoured tail.
You roll when moving toward enemies. (Rampage)
Your long tongue fully drains potion bottles. (2x potion effects)
Your tongue gives you trouble enunciating. (1.5x scroll delay)


Message History

You miss something.
Your tail-slap misses something.
You hear some strange, mumbled words.
A magic dart appears from out of thin air!
The magic dart hits you. Something hits you.
Unknown command.
Something unexpectedly blocked you, preventing you from rolling!
You miss something.
Your tail-slap misses something.
You hear some strange, mumbled words.
You are confused.
Unknown command.
You bump into the rock wall.
You hear some strange, mumbled words.
A puff of flame appears from out of thin air!
The puff of flame hits you!
* * * LOW HITPOINT WARNING * * *
Unknown command.
You miss something. Something hits you.
* * * LOW HITPOINT WARNING * * *
Unknown command.
You bump into the rock wall.
Something hits you.
* * * LOW HITPOINT WARNING * * *
Unknown command.
Unknown command.
It was a potion of berserk rage.
A red film seems to cover your vision as you go berserk!
You feel yourself moving faster!
You feel mighty!
You slurp down every last drop of the potion of berserk rage!
Something hits you.
* * * LOW HITPOINT WARNING * * *
Unknown command.
You bump into the rock wall.
You feel a strong urge to attack something.
You hear some strange, mumbled words.
You are more confused.
Unknown command.
You miss something. Something hits you but does no damage.
You bump into the rock wall.
Unknown command.
You barely miss something. Something hits you.
You die...

##.....#####.##..#.#
#.....# #.# ..#.#
#.....# #.# ....
##.....# #.###.#
...##### #.....#
.### #.....# .#
#.###.# .# #####.#
#.# .# #.....# #@#
.# #.#######{###^##
.# #.# #.oo.....#
.#######.#
#..).....#
.........#
#..........
....######
#........##
..........
#........#
)†........
###........
.......... #..######


You could see 2 orcs.

Vanquished Creatures
  2 orcs (D:2)
  3 ball pythons
  3 bats (D:1)
  An endoplasm (D:1)
  A giant cockroach (D:1)
  3 goblins
  7 jackals
  2 kobolds (D:1)
  A frilled lizard (D:1)
  A rat (D:1)
24 creatures vanquished.

Notes
Turn   | Place    | Note
-------+----------+-------------------------------------------
     0 | D:1      | retardedninja the Armataur Fighter began the quest for the
                  | Orb.
     0 | D:1      | Reached XP level 1. HP: 19/19 MP: 1/1
   278 | D:1      | Reached XP level 2. HP: 26/26 MP: 2/2
   756 | D:2      | Reached skill level 4 in Armour
   804 | D:2      | Reached XP level 3. HP: 20/27 MP: 3/3
   883 | D:2      | HP: 1/42 [something (3)]
   887 | D:2      | Slain by an orc wizard

Illustrated notes

Levels and vault maps discovered:
D:1:      dpeg_arrival_more_subterranean_lakeside_camping, layout_loops_ring
D:2:      layout_basic

Skill      XL: |  1  2 |
---------------+-------+-----
Long Blades    | 2 |  2.4
Armour         | 4 |  4.0
Fighting       | |  2.9
Shields        | |  3.6

Action                     || total
---------------------------++-------
  Melee: Long sword        ||   107
         Tailslap          ||    12
    Use: Potion            ||     1
 Armour: Scale mail        ||    77
  Dodge: Dodged            ||    46
  Block: Buckler           ||    19

Table legend: (Time is in decaauts)
 A = Elapsed time spent in this place.
 B = Non-inter-level travel time spent in this place.
 C = Inter-level travel time spent in this place.
 D = Time resting spent in this place.
 E = Time spent auto-exploring this place.
 F = Levels seen in this place.
 G = Mean time per level.
                   A        B        C        D        E       F      G
               +--------+--------+--------+--------+--------+-----+--------+
         Total |    919 |    879 |     40 |      0 |    669 |   2 |  459.5 |
       Dungeon |    919 |    879 |     40 |      0 |    669 |   2 |  459.5 |
               +--------+--------+--------+--------+--------+-----+--------+

Top non-repeatable levels by time:
     D:1: 721 daAuts
     D:2: 197 daAuts
